Map: Cerulean Fall LE

Players

LaWeedaLoca

  • Race: Terran Terran
  • League: Master
  • Spawn Location: 7:00

IIIIIlIIIIII - Winner!

  • Race: Terran Terran
  • League: Master
  • Spawn Location: 1:00

VOD

Have the link to the VOD?

Description

Time

  • Played on: Dec. 7, 2018, 5:51 a.m.
  • Length: 15:42
Show
View Real Time Build Order
Export as new Build Order

LaWeedaLoca Terran 

Build Orders: Gas First Reaper Expand 

Get SALT Encoding   

  12  0:01  SCV  
  13  0:13  SCV  
  14  0:17  Supply Depot  
  14  0:25  SCV  
  15  0:29  Refinery  
  15  0:39  SCV  
  16  0:45  Barracks  
  16  0:51  SCV  
  17  1:03  SCV  
  18  1:15  SCV  
  19  1:32  Orbital Command  
  19  1:33  Reaper  
  20  1:50  Command Center  
  20  1:58  SCV  
  21  2:06  Barracks Reactor  
  21  2:11  SCV  
  21  2:14  Supply Depot  
  22  2:38  Command Center  
  22  2:41  SCV  
  23  2:51  Marine x2  
  25  2:53  SCV  
  26  3:04  Refinery  
  26  3:05  Factory, SCV  
  26  3:06  Orbital Command  
  26  3:10  Marine  
  26  3:12  Marine  
  28  3:17  SCV  
  29  3:29  SCV  
  29  3:30  Marine x2  
  33  3:34  SCV  
  33  3:41  SCV  
  33  3:46  SCV  
  35  3:50  Starport, Factory Tech Lab  
  35  3:53  Orbital Command, SCV  
  36  3:56  Marine  
  36  3:57  Marine  
  36  3:58  SCV  
  39  4:05  SCV  
  39  4:09  Cyclone  
  43  4:10  SCV  
  43  4:16  Marine  
  43  4:17  Marine  
  45  4:18  SCV  
  45  4:20  SCV  
  45  4:22  SCV  
  49  4:27  Starport Tech Lab  
  49  4:30  SCV  
  50  4:32  SCV  
  50  4:33  Supply Depot  
  50  4:34  SCV  
  50  4:38  Supply Depot  
  54  4:41  Siege Tank  
  54  4:42  SCV  
  54  4:44  SCV  
  59  4:46  SCV  
  58  4:54  SCV, Barracks  
  58  4:55  Engineering Bay, Barracks  
  58  4:56  Engineering Bay  
  58  4:57  Starport Tech Lab  
  59  5:00  Refinery, SCV  
  59  5:01  Refinery  
  59  5:04  Supply Depot  
  60  5:10  Stimpack  
  60  5:11  Supply Depot, SCV  
  60  5:12  SCV  
  60  5:13  SCV  
  63  5:15  Mag-Field Accelerator  
  63  5:23  Terran Infantry Armor Level 1, SCV, Terran Infantry Weapons Level 1  
  63  5:25  SCV  
  65  5:28  Starport Reactor  
  65  5:36  Cyclone  
  65  5:38  SCV x2  
  65  5:40  Refinery  
  65  5:41  Marine x2  
  65  5:42  Barracks Reactor  
  71  5:50  Missile Turret  
  71  5:51  Missile Turret  
  71  5:52  Missile Turret  
  71  5:54  Marine  
  71  5:55  Missile Turret  
  72  5:59  Marine x2  
  72  6:02  SCV x2  
  72  6:03  SCV  
  77  6:04  Missile Turret  
  77  6:08  Viking  
  79  6:11  Viking  
  79  6:12  Marine  
  79  6:17  Marine  
  79  6:18  Marine x3  
  83  6:19  Missile Turret  
  86  6:25  Cyclone  
  86  6:30  Marine  
  86  6:31  Barracks  
  90  6:34  SCV  
  90  6:35  Marine, SCV  
  90  6:36  Barracks  
  93  6:43  Supply Depot  
  93  6:48  Marine, Medivac x2, SCV  
  93  6:50  Marine  
  93  6:51  Marine, Starport  
  101  7:02  Armory  
  101  7:04  Marine x2  
  101  7:05  SCV x2  
  105  7:10  Supply Depot  
  105  7:11  Combat Shield  
  105  7:12  Supply Depot, Cyclone  
  105  7:14  SCV  
  109  7:23  Barracks Reactor  
  109  7:24  Barracks Reactor  
  109  7:25  Viking  
  109  7:27  Raven  
  109  7:29  Marine x2  
  113  7:30  Marine x2  
  113  7:31  Marine  
  113  7:32  SCV  
  113  7:36  Missile Turret  
  119  7:38  Missile Turret  
  119  7:40  Missile Turret  
  119  7:44  Missile Turret  
  119  7:47  Marine, Missile Turret  
  119  7:50  SCV x3  
  123  7:53  Marine x2  
  125  7:58  Supply Depot  
  125  8:00  Terran Infantry Weapons Level 2  
  125  8:02  SCV  
  126  8:05  Terran Infantry Armor Level 2  
  126  8:08  SCV x2  
  128  8:20  Medivac x3  
  134  8:43  Starport  
  134  8:44  Starport  
  134  8:45  Command Center  
  134  8:48  SCV x3  
  136  8:49  Barracks x2  
  136  8:50  Medivac  
  139  8:56  Viking  
  141  9:13  Refinery  
  141  9:19  Viking, Supply Depot, Fusion Core, Terran Ship Weapons Level 1  
  141  9:20  Siege Tank, Starport Reactor, SCV  
  141  9:21  Starport Reactor  
  147  9:26  SCV x2  
  147  9:28  Ghost Academy  
  147  9:29  Viking  
  147  9:30  Viking  
  153  9:32  SCV  
  154  9:38  SCV x2, Barracks Tech Lab x2  
  156  9:47  Supply Depot  
  156  9:49  Refinery  
  156  9:54  Viking, Refinery  
  156  9:57  Orbital Command  
  156  9:58  Concussive Shells  
  149  10:22  Advanced Ballistics  
  149  10:23  Viking x7  
  163  10:30  Marine x2, Siege Tank  
  163  10:31  Marauder, Marine x8  
  178  10:36  Supply Depot  
  178  10:43  Liberator x2  
  178  10:46  Supply Depot  
  178  10:47  Sensor Tower  
  180  10:50  Marauder  
  180  10:54  Viking  
  180  10:55  Viking x2  
  188  10:58  Liberator x2  
  198  11:26  Terran Vehicle And Ship Armor Level 1  
  198  11:43  Refinery  
  198  11:45  Command Center  
  192  11:47  Viking  
  192  11:48  Viking x3  
  195  11:56  Viking  
  195  11:58  Viking, Terran Infantry Weapons Level 3  
  199  12:16  Sensor Tower  
  199  12:19  Terran Infantry Armor Level 3  
  199  12:25  Command Center  
  199  12:27  Command Center  
  199  12:46  Starport  
  199  12:47  Starport x2  
  194  13:26  Viking x2  
  177  13:56  Starport Reactor x2  
  177  13:57  Starport Reactor, Armory  
  177  14:12  Viking x5  
  177  14:13  Viking x2  
  182  14:25  Siege Tank  
  182  14:30  Marauder x3, Marine x5  
  196  14:32  Planetary Fortress  
  196  14:38  Refinery, Planetary Fortress  
  196  14:42  Viking x2  
  200  14:49  Refinery  
  155  15:09  Medivac x2  
  155  15:11  Marine x3  
  155  15:12  Marauder x2, Marine x5  
  155  15:13  Marauder  
Show
View Real Time Build Order
Export as new Build Order

IIIIIlIIIIII Terran - Winner!

Build Orders: Mech 

Get SALT Encoding   

  12  0:00  SCV  
  13  0:12  SCV  
  14  0:18  Supply Depot  
  14  0:24  SCV  
  15  0:39  SCV  
  15  0:41  Barracks  
  16  0:51  SCV  
  17  1:03  SCV  
  18  1:15  SCV  
  19  1:19  Command Center  
  19  1:28  Orbital Command  
  19  1:31  Marine  
  20  1:40  Bunker  
  20  1:48  Refinery  
  20  1:49  Marine  
  20  1:52  Refinery  
  21  1:56  SCV  
  22  2:07  Marine  
  23  2:30  Marine  
  23  2:31  Orbital Command, SCV  
  23  2:32  Refinery  
  25  2:40  Refinery  
  23  3:00  SCV  
  23  3:01  Factory  
  23  3:02  SCV  
  25  3:12  SCV  
  26  3:14  SCV  
  27  3:23  Marine  
  27  3:24  SCV  
  27  3:26  SCV  
  30  3:36  Supply Depot, SCV  
  30  3:38  SCV  
  32  3:47  Starport  
  34  3:48  SCV  
  34  3:49  Factory Tech Lab  
  34  3:51  Starport  
  34  3:53  SCV  
  34  3:59  Marine  
  34  4:00  SCV  
  36  4:07  Siege Tank  
  36  4:08  SCV  
  40  4:15  Supply Depot  
  40  4:16  SCV  
  41  4:17  Marine  
  42  4:26  Viking  
  42  4:30  SCV  
  45  4:44  SCV x2  
  47  4:47  Raven, Factory Tech Lab  
  49  4:53  Supply Depot  
  49  4:56  SCV x2  
  51  5:08  SCV x2  
  53  5:14  Factory Tech Lab  
  53  5:16  Supply Depot, Raven  
  53  5:20  SCV  
  56  5:25  SCV  
  57  5:30  Raven  
  57  5:32  SCV  
  60  5:42  Siege Tank  
  63  5:47  Supply Depot  
  63  5:48  SCV x2  
  65  5:54  Command Center  
  65  5:59  Raven  
  65  6:00  SCV x2  
  65  6:02  Factory  
  65  6:03  Factory  
  69  6:12  SCV x2  
  69  6:13  Raven  
  69  6:17  Supply Depot, Siege Tank  
  76  6:24  SCV x2  
  78  6:29  Command Center  
  78  6:33  Engineering Bay  
  78  6:42  Supply Depot  
  78  6:43  Factory  
  78  6:46  Factory  
  78  6:50  Siege Tank  
  81  7:02  Siege Tank  
  81  7:04  Siege Tank  
  81  7:06  Supply Depot  
  87  7:09  Supply Depot  
  87  7:14  SCV x2  
  89  7:20  Viking x2  
  96  7:22  Siege Tank  
  96  7:35  Planetary Fortress  
  96  7:37  SCV x2  
  96  7:42  Refinery  
  96  7:43  Missile Turret, Factory Tech Lab  
  98  7:45  Sensor Tower, Missile Turret  
  98  7:46  Refinery, Factory Reactor  
  98  7:49  SCV  
  98  7:50  Orbital Command, SCV  
  100  7:55  Siege Tank  
  103  8:00  Viking  
  103  8:04  SCV x2  
  107  8:07  Viking  
  107  8:12  SCV  
  110  8:15  Sensor Tower  
  110  8:24  SCV x2  
  112  8:27  Siege Tank  
  112  8:30  Viking  
  112  8:31  Siege Tank  
  112  8:32  Supply Depot  
  112  8:33  Supply Depot  
  120  8:45  Siege Tank, Missile Turret  
  120  8:46  Command Center  
  123  8:48  Siege Tank  
  123  8:55  Missile Turret  
  126  8:56  Missile Turret  
  126  9:01  Viking x2  
  130  9:06  Siege Tank  
  133  9:11  Siege Tank  
  136  9:19  Missile Turret  
  136  9:22  Hi-Sec Auto Tracking  
  136  9:24  Missile Turret  
  136  9:30  Supply Depot  
  136  9:31  Supply Depot  
  136  9:36  Siege Tank  
  139  9:43  Viking x2  
  139  9:44  Command Center  
  143  9:53  Siege Tank  
  143  9:57  Supply Depot  
  143  9:59  Supply Depot  
  146  10:11  Siege Tank x2  
  146  10:13  Viking  
  154  10:19  Neosteel Armor  
  151  10:26  Refinery  
  151  10:28  Viking, Refinery  
  151  10:29  Sensor Tower, Missile Turret  
  153  10:35  Siege Tank  
  153  10:41  Siege Tank  
  159  10:43  Viking  
  161  10:52  Planetary Fortress  
  161  10:58  Viking  
  161  11:03  Orbital Command  
  163  11:07  Command Center  
  163  11:14  Command Center  
  163  11:15  Command Center  
  163  11:19  Viking, Armory  
  163  11:20  Armory  
  165  11:28  Viking, Starport  
  165  11:31  Starport x2  
  170  11:40  Siege Tank  
  170  11:49  Viking  
  170  11:51  Missile Turret  
  170  11:52  Missile Turret  
  170  11:53  Missile Turret  
  172  12:00  Viking  
  174  12:07  Terran Vehicle Weapons Level 1  
  174  12:10  Terran Ship Weapons Level 1  
  174  12:12  Armory  
  174  12:14  Viking  
  176  12:19  Viking x2  
  176  12:21  Orbital Command  
  180  12:27  Planetary Fortress  
  180  12:29  Orbital Command  
  180  12:30  Viking  
  180  12:35  Viking  
  184  12:44  Viking  
  184  12:49  Viking x2  
  190  12:53  Siege Tank x3  
  197  13:19  Viking  
  199  13:31  Terran Vehicle And Ship Armor Level 1  
  185  13:49  Thor x2  
  197  14:01  Missile Turret  
  197  14:02  Missile Turret  
  197  14:09  Siege Tank  
  195  15:05  Viking x2  
  195  15:09  Viking x3  
Tags
 
Composition
Mech
Matchup
TvT
Race
Terran
Spawn Locations
Cross Positions
Add a new tag
Caveats
  • Supply blocks, unpowered buildings, or Contaminate may cause inaccurate times.
  • Supply counts are checked every 10 seconds.